 Dungeon Crawl Stone Soup version 0.26-a0-737-g4e9f4955e2 (webtiles) character file.

Game seed: 10441718896264249531

252 jiml777 the Magician (level 5, -2/28 HPs)
             Began as a Deep Elf Air Elementalist on Nov 4, 2020.
             Slain by an orc
             ... wielding a +0 short sword
              (6 damage)
             ... on level 3 of the Dungeon.
             The game lasted 00:25:50 (2809 turns).

jiml777 the Magician (Deep Elf Air Elementalist)    Turns: 2809, Time: 00:25:51

Health: -2/28      AC:  4    Str:  2 (5)  XL:     5   Next: 89%
Magic:  6/14       EV: 13    Int: 18 (21) God:
Gold:   82         SH:  0    Dex: 13 (15) Spells: 4/14 levels left

rFire    . . .     SeeInvis .   d - +0 dagger
rCold    . . .     Faith    .   (no shield)
rNeg     . . .     Spirit   .   i - +0 robe (curse)
rPois    .         Reflect  .   j - +0 helmet
rElec    .         Harm     .   c - +0 cloak
rCorr    .         Rampage  .   (no gloves)
MR       +....                  (no boots)
Stlth    ++........             (no amulet)
HPRegen  0.09/turn              g - ring of protection from magic
MPRegen  0.14/turn              (no ring)

@: no status effects
A: no striking features
a: no special abilities


You were on level 3 of the Dungeon.
You visited 1 branch of the dungeon, and saw 3 of its levels.

You collected 82 gold pieces.

Inventory:

Hand Weapons
 d - a +0 dagger (weapon)
Missiles
 e - 78 arrows
Armour
 b - a +0 buckler
 c - a +0 cloak (worn)
 i - a cursed +0 robe (worn)
 j - a +0 helmet (worn)
Jewellery
 g - a ring of protection from magic (left hand)
Scrolls
 a - a scroll of random uselessness {unknown}
 f - 2 scrolls of teleportation {unknown}
 h - a scroll of fog {unknown}


   Skills:
 + Level 0.1 Fighting
 + Level 3.0 Dodging
 + Level 3.2 Stealth
 + Level 5.0 Spellcasting
 + Level 2.7 Conjurations
 + Level 4.8 Air Magic


You had 4 spell levels left.
You knew the following spells:

 Your Spells              Type           Power        Failure   Level
a - Shock                 Conj/Air       ###.         2%          1
b - Swiftness             Air            ###.....     2%          2
c - Static Discharge      Conj/Air       ###.....     9%          3
d - Airstrike             Air            ###.......   19%         4

Your spell library contained the following spells:

 Spells                   Type           Power        Failure   Level
 Lightning Bolt           Conj/Air       ###.......   61%         5


Dungeon Overview and Level Annotations

Branches:
Dungeon (3/15)

Altars:

Annotations:
D:3 Sigmund


Message History

Casting: Shock (safe; 2% risk of failure)
Confirm with . or Enter, or press ? or * to list all spells.
Press: ? - help, Shift-Dir - straight line The zap hits the orc!
You kill the orc!
The zap hits the gnoll.
The gnoll is lightly wounded.
The zap hits the gnoll!
The gnoll is severely wounded.
The zap hits the gnoll.
The gnoll is severely wounded.
The gnoll throws a stone.
The stone hits you but does no damage. The orc hits you but does no damage.
The gnoll hits you from afar with a +0 spear.
* * * LOW HITPOINT WARNING * * *
It was a potion of degeneration.
There was something very wrong with that liquid.
You feel weakened.
You feel dopey.
You feel clumsy. The orc hits you with a +0 short sword.
You die...

. .. #### .(. ...#####
###### ...?
.#......##....# ##.....
.........#....# ###.......
..............###o..# .
†.............##@o##......
.............###)#........
...........[w...gg...###..
..........##............ #
..........#...####...###
...............# ..@#
.............#.........
.##.)..............#....
.......#..####..........


You could see Sigmund, 2 gnolls and 2 orcs.

Vanquished Creatures
  A hound (D:2)
  Natasha (thrice) (D:2)
  Terence (D:2)
  Robin (D:2)
  A gnoll (D:3)
  3 adders
  2 worms
  A dart slug (D:2)
  An orc (D:3)
  A ball python (D:2)
  8 bats
  4 giant cockroaches
  16 goblins
  9 hobgoblins
  4 jackals (D:2)
  A quokka (D:3)
  3 frilled lizards
  6 kobolds
  8 rats
74 creatures vanquished.

Notes
Turn   | Place    | Note
-------+----------+-------------------------------------------
     0 | D:1      | jiml777 the Deep Elf Air Elementalist began the quest for
                  | the Orb.
     0 | D:1      | Reached XP level 1. HP: 10/10 MP: 6/6
   483 | D:1      | Reached XP level 2. HP: 15/15 MP: 6/8
  1101 | D:2      | Noticed Terence
  1111 | D:2      | Killed Terence
  1111 | D:2      | Reached XP level 3. HP: 12/19 MP: 1/10
  1304 | D:2      | Reached XP level 4. HP: 16/24 MP: 1/11
  1441 | D:2      | Noticed Robin
  1452 | D:2      | Reached skill level 4 in Spellcasting
  1456 | D:2      | Learned a level 2 spell: Swiftness
  1461 | D:2      | Killed Robin
  2109 | D:2      | Reached XP level 5. HP: 19/28 MP: 10/13
  2236 | D:2      | Learned a level 3 spell: Static Discharge
  2241 | D:2      | Learned a level 4 spell: Airstrike
  2312 | D:2      | Noticed Natasha
  2315 | D:2      | Killed Natasha
  2395 | D:2      | Noticed Natasha
  2408 | D:2      | Killed Natasha
  2421 | D:2      | Noticed Natasha
  2430 | D:2      | Killed Natasha
  2791 | D:3      | Noticed Sigmund
  2807 | D:3      | Reached skill level 5 in Spellcasting
  2809 | D:3      | Slain by an orc

Illustrated notes

Levels and vault maps discovered:
D:1:      lightli_iron_boxes, layout_loops_corners, minmay_misc_feat_iff
D:2:      layout_rooms, minmay_misc_feat_alley, uniq_robin, uniq_natasha,
          uniq_terence
D:3:      layout_rooms, elyvilon_altar_3, uniq_sigmund

Skill      XL: |  1  2  3  4  5 |
---------------+----------------+-----
Air Magic      | 4 |  4.8
Stealth        | 3 |  3.2
Spellcasting   | 4 5 |  5.0
Conjurations   | 2 |  2.7
Dodging        | 3 |  3.0
Fighting       | |  0.1

Action                   |  1- 3 |  4- 6 || total
-------------------------+-------+-------++-------
Melee: Dagger            |     1 |     7 ||     8
 Cast: Shock             |    47 |   112 ||   159
       Swiftness         |       |     1 ||     1
  Use: Scroll            |     1 |       ||     1
       Potion            |       |     2 ||     2
Armor: Robe              |     1 |    13 ||    14
Dodge: Dodged            |    10 |    46 ||    56

Table legend: (Time is in decaauts)
 A = Elapsed time spent in this place.
 B = Non-inter-level travel time spent in this place.
 C = Inter-level travel time spent in this place.
 D = Time resting spent in this place.
 E = Time spent auto-exploring this place.
 F = Levels seen in this place.
 G = Mean time per level.
                   A        B        C        D        E       F      G
               +--------+--------+--------+--------+--------+-----+--------+
         Total |   2805 |   2777 |     28 |   1155 |    892 |   3 |  935.0 |
       Dungeon |   2805 |   2777 |     28 |   1155 |    892 |   3 |  935.0 |
               +--------+--------+--------+--------+--------+-----+--------+

Top non-repeatable levels by time:
     D:2: 1566 daAuts
     D:1: 1014 daAuts
     D:3: 224 daAuts
